Calgary Flames vs Tampa Bay Lightning
Created - Monday, September 18, 2023 at 07:10
Goals
|
| Calgary Flames |
0 |
1 |
0 |
1 |
| Tampa Bay Lightning |
2 |
1 |
0 |
3 |
|
Shots
|
| Calgary Flames |
14 |
5 |
12 |
31 |
| Tampa Bay Lightning |
14 |
8 |
11 |
33 |
|
1st period
1. Tampa Bay Lightning , Hampus Lindholm 3 (Dylan Cozens 14, Johnny Gaudreau 15) at 4:57 (PP)
2. Tampa Bay Lightning , Johnny Gaudreau 6 (Anze Kopitar 10, Darnell Nurse 6) at 8:41
Penalties :
Drew Doughty (CGY) for Tripping (Minor) at 4:30, Travis Konecny (TBL) for Interference (Minor) at 9:25
2nd period
3. Tampa Bay Lightning , Hampus Lindholm 4 (Dylan Cozens 15, Roope Hintz 9) at 8:48
4. Calgary Flames , Nic Dowd 3 (Rasmus Andersson 2, Samuel Montembeault) at 18:01
Penalties :
Rafael Harvey-Pinard (CGY) for Interference (Minor) at 12:12, Ryan Graves (TBL) for Tripping (Minor) at 19:35
3rd period
No Goal
Penalties :
Darnell Nurse (TBL) for Hooking (Minor) at 3:47, Ryan McDonagh (CGY) for High sticking (Minor) at 8:15
Goalie Stats
Samuel Montembeault (CGY), 30 saves from 33 shots - (0.909), L, 5-4-1, 60:00 minutes
Filip Gustavsson (TBL), 30 saves from 31 shots - (0.968), W, 11-5-1, 60:00 minutes
Players Stats for Calgary Flames
Player Name G A P +/- PIM S H SB GA TA FO MP PP MP PK MP
------------------------------------------------------------------------------------
Drew Doughty 0 0 0 0 2 0 0 2 0 0 0/0 6:14 1:12 0:00
J.T. Miller 0 0 0 -1 0 3 4 0 0 0 5/19 17:16 2:57 0:00
Jacob Peterson 0 0 0 1 0 3 0 0 2 0 0/0 7:27 0:00 0:00
Jeff Petry 0 0 0 -1 0 0 4 1 0 0 0/0 25:46 3:20 2:04
Joel Eriksson Ek 0 0 0 0 0 0 4 1 0 0 1/4 16:10 0:00 2:23
Kris Letang 0 0 0 -1 0 0 2 1 1 1 0/0 24:05 2:52 2:02
Logan Couture 0 0 0 -1 0 1 1 0 0 0 4/7 14:10 0:00 0:00
Mathieu Joseph 0 0 0 1 0 1 1 0 0 0 0/0 10:41 0:00 2:28
Matthew Tkachuk 0 0 0 -1 0 3 2 0 0 0 0/1 18:10 2:57 0:54
Michael Anderson 0 0 0 1 0 0 1 1 0 0 0/0 23:05 0:00 3:20
Nic Dowd 1 0 1 1 0 1 1 1 1 0 3/8 10:12 0:00 1:59
Rafael Harvey-Pinard 0 0 0 -1 2 4 1 0 0 0 0/2 15:00 0:00 1:03
Rasmus Andersson 0 1 1 0 0 0 0 0 0 1 0/0 20:18 1:25 0:19
Ryan McDonagh 0 0 0 -1 2 2 0 0 1 1 0/0 20:26 3:05 1:05
Sebastian Aho 0 0 0 0 0 2 0 0 0 1 6/17 16:31 3:00 0:03
Timo Meier 0 0 0 -1 0 5 0 0 1 1 0/1 16:37 3:00 0:00
Valeri Nichushkin 0 0 0 -1 0 4 1 0 1 0 0/1 17:16 2:57 0:00
Zach Hyman 0 0 0 0 0 2 0 2 1 0 0/1 16:08 3:00 0:00
Players Stats for Tampa Bay Lightning
Player Name G A P +/- PIM S H SB GA TA FO MP PP MP PK MP
------------------------------------------------------------------------------------
Alexander Kerfoot 0 0 0 0 0 0 2 0 0 0 0/0 9:25 0:00 2:39
Anze Kopitar 0 1 1 0 0 1 1 0 0 0 15/22 16:50 0:00 2:41
Christian Dvorak 0 0 0 0 0 0 0 0 1 0 1/2 9:45 0:00 3:06
Darnell Nurse 0 1 1 2 2 0 3 0 1 0 0/0 24:18 2:06 1:55
Dylan Cozens 0 2 2 1 0 5 2 0 0 0 10/15 17:40 2:18 0:07
Gustav Nyquist 0 0 0 0 0 3 1 0 0 2 0/0 9:45 0:00 3:06
Hampus Lindholm 2 0 2 2 0 3 2 0 0 2 0/0 24:00 2:06 1:52
Ivan Barbashev 0 0 0 1 0 1 4 0 0 0 0/0 15:15 0:00 0:00
Johnny Gaudreau 1 1 2 0 0 5 0 0 2 0 0/2 16:12 2:18 0:00
Kirill Kaprizov 0 0 0 0 0 3 3 0 0 1 0/0 16:01 2:07 0:12
Michael Matheson 0 0 0 -1 0 2 1 0 0 0 0/0 15:56 2:19 0:23
Moritz Seider 0 0 0 0 0 1 1 0 0 1 0/0 21:08 2:19 2:35
Roope Hintz 0 1 1 1 0 4 0 1 1 1 4/5 17:34 2:07 0:00
Ryan Graves 0 0 0 -1 2 3 1 0 0 0 0/0 15:02 0:00 1:56
Tomas Hertl 0 0 0 0 0 0 1 0 0 0 9/12 13:23 0:00 0:00
Travis Konecny 0 0 0 0 2 0 0 0 0 1 0/0 15:51 2:07 0:03
Tyler Toffoli 0 0 0 0 0 1 2 0 0 0 3/3 16:12 2:18 0:00
Vladislav Gavrikov 0 0 0 0 0 1 0 1 0 0 0/0 19:43 0:00 3:13
3 Stars
1 - Hampus Lindholm (TBL)
2 - Filip Gustavsson (TBL)
3 - Johnny Gaudreau (TBL)
Power Play
Calgary Flames - 0 on 3 Attempt(s) - 0.00%
Tampa Bay Lightning - 1 on 3 Attempt(s) - 33.33%
Penalty Kill
Calgary Flames - 2 on 3 Attempt(s) - 66.67%
- Score 0 goal in Penalty Kill
Tampa Bay Lightning - 3 on 3 Attempt(s) - 100.00%
- Score 0 goal in Penalty Kill
Team Stat
Calgary Flames - Hits : 22 - Faceoff Wins : 19 - Blocked Shots : 9 - Penalty Minutes : 6
Tampa Bay Lightning - Hits : 24 - Faceoff Wins : 42 - Blocked Shots : 2 - Penalty Minutes : 6
Official
Referees : Dave Jackson and Tim Peel
Linesman : Lonnie Cameron and Jay Sharrers
Game Notes
Drew Doughty is injured at 14:44 of 1st period (Left Hip)
8:49 of 3rd period - Tampa Bay Lightning goal is going for a video replay. After video review, No Goal. The puck has entered the net after making contact with an attacking player’s stick that is above the height of the crossbar.
Finance
Level 1 -- Attendance: 6000 (100.00%) -- Ticket Income $570,000
Level 2 -- Attendance: 4600 (92.00%) -- Ticket Income $253,000
Level 3 -- Attendance: 3000 (100.00%) -- Ticket Income $102,000
Level 4 -- Attendance: 4529 (90.58%) -- Ticket Income $95,109
Luxury Box -- Attendance: 1000 (100.00%) -- Ticket Income $195,000
Game was played at the Tampa Bay Times Forum.
Total Attendance: 19129 (95.65%)
Total Ticket Income: $1,215,109
Other Income: $425,288
Total Income: $1,640,397
Calgary Flames
5 vs 5 Forward
Center Left Wing Right Wing Time % Phy DF OF
1 J.T. Miller Matthew Tkachuk Valeri Nichushkin 31 0 1 4
2 Sebastian Aho Zach Hyman Joel Eriksson Ek 30 0 2 3
3 Logan Couture Rafael Harvey-Pinard Timo Meier 29 1 2 2
4 Nic Dowd Jacob Peterson Mathieu Joseph 10 1 2 2
5 vs 5 Defense
Defense Defense Time % Phy DF OF
1 Kris Letang Drew Doughty 35 1 2 2
2 Jeff Petry Ryan McDonagh 35 1 2 2
3 Rasmus Andersson Michael Anderson 30 1 2 2
4 Kris Letang Drew Doughty 0 1 2 2
PowerPlay Forward
Center Left Wing Right Wing Time % Phy DF OF
1 J.T. Miller Matthew Tkachuk Valeri Nichushkin 50 0 0 5
2 Sebastian Aho Zach Hyman Timo Meier 50 0 0 5
PowerPlay Defense
Defense Defense Time % Phy DF OF
1 Kris Letang Drew Doughty 50 0 2 3
2 Jeff Petry Ryan McDonagh 50 0 2 3
Penalty Kill 4 Players Forward
Center Wing Time % Phy DF OF
1 Joel Eriksson Ek Rafael Harvey-Pinard 50 0 5 0
2 Nic Dowd Mathieu Joseph 50 0 5 0
Penalty Kill 4 Players Defense
Defense Defense Time % Phy DF OF
1 Kris Letang Drew Doughty 50 0 3 2
2 Jeff Petry Ryan McDonagh 50 0 3 2
Penalty Kill - 3 Players Forward
Forward Time % Phy DF OF
1 J.T. Miller 50 0 5 0
2 Sebastian Aho 50 0 5 0
Penalty Kill - 3 Players Defense
Defense Defense Time % Phy DF OF
1 Kris Letang Drew Doughty 50 1 2 2
2 Jeff Petry Ryan McDonagh 50 1 2 2
4 vs 4 Forward
Center Wing Time % Phy DF OF
1 J.T. Miller Matthew Tkachuk 50 1 2 2
2 Sebastian Aho Logan Couture 50 1 2 2
4 vs 4 Defense
Defense Defense Time % Phy DF OF
1 Kris Letang Drew Doughty 50 1 2 2
2 Jeff Petry Ryan McDonagh 50 1 2 2
Last Minutes Offensive
Center Left Wing Right Wing Defense Defense
J.T. Miller Matthew Tkachuk Zach Hyman Kris Letang Drew Doughty
Last Minutes Defensive
Center Left Wing Right Wing Defense Defense
J.T. Miller Sebastian Aho Valeri Nichushkin Kris Letang Drew Doughty
Goaltenders
Starting : Samuel Montembeault
Backup : Ilya Sorokin
Extra Forwards
Normal : Nic Dowd, Joel Eriksson Ek, Mathieu Joseph - PP : Nic Dowd, Joel Eriksson Ek - PK : Mathieu Joseph
Extra Defensemen
Normal : Rasmus Andersson, Michael Anderson, Jeff Petry - PP : Rasmus Andersson - PK : Michael Anderson, Jeff Petry
Penalty Shots
J.T. Miller, Matthew Tkachuk, Sebastian Aho, Logan Couture, Joel Eriksson Ek
Tampa Bay Lightning
5 vs 5 Forward
Center Left Wing Right Wing Time % Phy DF OF
1 Tomas Hertl Kirill Kaprizov Travis Konecny 30 1 2 2
2 Dylan Cozens Roope Hintz Ivan Barbashev 30 1 2 2
3 Anze Kopitar Johnny Gaudreau Tyler Toffoli 30 1 2 2
4 Christian Dvorak Alexander Kerfoot Gustav Nyquist 10 1 2 2
5 vs 5 Defense
Defense Defense Time % Phy DF OF
1 Darnell Nurse Hampus Lindholm 40 1 2 2
2 Moritz Seider Vladislav Gavrikov 35 1 2 2
3 Michael Matheson Ryan Graves 25 0 3 2
4 Darnell Nurse Moritz Seider 0 1 2 2
PowerPlay Forward
Center Left Wing Right Wing Time % Phy DF OF
1 Roope Hintz Kirill Kaprizov Travis Konecny 50 1 2 2
2 Dylan Cozens Johnny Gaudreau Tyler Toffoli 50 1 2 2
PowerPlay Defense
Defense Defense Time % Phy DF OF
1 Michael Matheson Moritz Seider 50 1 2 2
2 Hampus Lindholm Darnell Nurse 50 1 2 2
Penalty Kill 4 Players Forward
Center Wing Time % Phy DF OF
1 Anze Kopitar Alexander Kerfoot 50 1 2 2
2 Christian Dvorak Gustav Nyquist 50 1 2 2
Penalty Kill 4 Players Defense
Defense Defense Time % Phy DF OF
1 Darnell Nurse Vladislav Gavrikov 50 1 2 2
2 Moritz Seider Ryan Graves 50 1 2 2
Penalty Kill - 3 Players Forward
Forward Time % Phy DF OF
1 Anze Kopitar 50 1 2 2
2 Christian Dvorak 50 1 2 2
Penalty Kill - 3 Players Defense
Defense Defense Time % Phy DF OF
1 Darnell Nurse Vladislav Gavrikov 50 1 2 2
2 Moritz Seider Ryan Graves 50 1 2 2
4 vs 4 Forward
Center Wing Time % Phy DF OF
1 Tomas Hertl Kirill Kaprizov 50 1 2 2
2 Anze Kopitar Travis Konecny 50 1 2 2
4 vs 4 Defense
Defense Defense Time % Phy DF OF
1 Michael Matheson Vladislav Gavrikov 50 1 2 2
2 Hampus Lindholm Ryan Graves 50 1 2 2
Last Minutes Offensive
Center Left Wing Right Wing Defense Defense
Anze Kopitar Kirill Kaprizov Travis Konecny Darnell Nurse Moritz Seider
Last Minutes Defensive
Center Left Wing Right Wing Defense Defense
Anze Kopitar Christian Dvorak Alexander Kerfoot Darnell Nurse Moritz Seider
Goaltenders
Starting : Filip Gustavsson
Backup : Darcy Kuemper
Extra Forwards
Normal : Tomas Hertl, Anze Kopitar, Dylan Cozens - PP : Tomas Hertl, Anze Kopitar - PK : Travis Konecny
Extra Defensemen
Normal : Vladislav Gavrikov, Ryan Graves, Hampus Lindholm - PP : Vladislav Gavrikov - PK : Ryan Graves, Hampus Lindholm
Penalty Shots
Gustav Nyquist, Kirill Kaprizov, Alexander Kerfoot, Anze Kopitar, Roope Hintz
% Time on Ice - Calgary Flames
Lines # - Real PCT - Wanted PCT - Time Play
Normal Forward
1 - 29% - 31% - 14:37
2 - 27% - 30% - 13:36
3 - 28% - 29% - 13:58
4 - 15% - 10% - 7:27
Normal Defense
1 - 40% - 35% - 19:45
2 - 30% - 35% - 14:46
3 - 28% - 30% - 14:06
4 - 2% - 0% - 1:01
PP Forward
1 - 50% - 50% - 2:57
2 - 50% - 50% - 3:00
PP Defense
1 - 48% - 50% - 2:52
2 - 52% - 50% - 3:05
PK Forward
1 - 55% - 50% - 2:26
2 - 45% - 50% - 1:59
PK Defense
1 - 46% - 50% - 2:02
2 - 54% - 50% - 2:23
PK3 Forward
1 - 0% - 50%
2 - 0% - 50%
PK3 Defense
1 - 0% - 50%
2 - 0% - 50%
44 Forward
1 - 0% - 50%
2 - 0% - 50%
44 Defense
1 - 0% - 50%
2 - 0% - 50%
Last Minute Offensive - 0:00
Last Minute Defensive - 0:00
Total
Forward - 60:00
Defense - 60:00
|
% Time on Ice - Tampa Bay Lightning
Lines # - Real PCT - Wanted PCT - Time Play
Normal Forward
1 - 28% - 30% - 13:50
2 - 31% - 30% - 15:16
3 - 28% - 30% - 13:54
4 - 13% - 10% - 6:38
Normal Defense
1 - 40% - 40% - 19:47
2 - 34% - 35% - 16:45
3 - 26% - 25% - 13:06
4 - 0% - 0% - 0:00
PP Forward
1 - 48% - 50% - 2:07
2 - 52% - 50% - 2:18
PP Defense
1 - 52% - 50% - 2:19
2 - 48% - 50% - 2:06
PK Forward
1 - 45% - 50% - 2:41
2 - 55% - 50% - 3:16
PK Defense
1 - 57% - 50% - 3:22
2 - 43% - 50% - 2:35
PK3 Forward
1 - 0% - 50%
2 - 0% - 50%
PK3 Defense
1 - 0% - 50%
2 - 0% - 50%
44 Forward
1 - 0% - 50%
2 - 0% - 50%
44 Defense
1 - 0% - 50%
2 - 0% - 50%
Last Minute Offensive - 0:00
Last Minute Defensive - 0:00
Total
Forward - 60:00
Defense - 60:00
|
Play-by-Play
1st period
0:01 of 1st period - J.T. Miller wins face-off versus Tomas Hertl in neutral zone.
0:10 of 1st period - Wrist shot by Valeri Nichushkin.
0:10 of 1st period - Shot Misses the Net.
1:00 of 1st period - Backhand shot by Logan Couture.
1:00 of 1st period - Stopped by Filip Gustavsson with a rebound.
1:12 of 1st period - Jeff Petry is hit by Alexander Kerfoot and loses puck.
1:17 of 1st period - Snap shot by Alexander Kerfoot.
1:17 of 1st period - Deflect By Gustav Nyquist.
1:17 of 1st period - Stopped by Samuel Montembeault with a rebound.
3:19 of 1st period - Icing by Jacob Peterson.
3:20 of 1st period - Nic Dowd wins face-off versus Dylan Cozens in Calgary Flames zone.
3:29 of 1st period - Slapshot by Dylan Cozens.
3:29 of 1st period - Shot Misses the Net.
3:31 of 1st period - Slapshot by Vladislav Gavrikov.
3:31 of 1st period - Stopped by Samuel Montembeault with a rebound.
3:33 of 1st period - Slapshot by Moritz Seider.
3:33 of 1st period - Stopped by Samuel Montembeault without a rebound.
3:34 of 1st period - Sebastian Aho wins face-off versus Anze Kopitar in Calgary Flames zone.
4:01 of 1st period - Ryan McDonagh is hit by Darnell Nurse and loses puck.
4:06 of 1st period - Snap shot by Roope Hintz.
4:06 of 1st period - Stopped by Samuel Montembeault without a rebound.
4:07 of 1st period - Dylan Cozens wins face-off versus J.T. Miller in Calgary Flames zone.
4:22 of 1st period - Snap shot by J.T. Miller.
4:22 of 1st period - Stopped by Filip Gustavsson without a rebound.
4:23 of 1st period - Tomas Hertl wins face-off versus Logan Couture in Tampa Bay Lightning zone.
4:23 of 1st period - Tomas Hertl is hit by Logan Couture.
4:30 of 1st period - Minor Penalty to Drew Doughty for Tripping.
4:31 of 1st period - Roope Hintz wins face-off versus Joel Eriksson Ek in Calgary Flames zone.
4:45 of 1st period - Off-side.
4:46 of 1st period - Tyler Toffoli wins face-off versus Nic Dowd in neutral zone.
4:53 of 1st period - Snap shot by Johnny Gaudreau.
4:53 of 1st period - Stopped by Samuel Montembeault with a rebound.
4:55 of 1st period - Snap shot by Dylan Cozens.
4:55 of 1st period - Shot Blocked by Nic Dowd.
4:57 of 1st period - Snap shot by Hampus Lindholm.
4:57 of 1st period - Goal by Hampus Lindholm - Calgary Flames : 0 - Tampa Bay Lightning : 1.
4:58 of 1st period - Anze Kopitar wins face-off versus Sebastian Aho in neutral zone.
5:29 of 1st period - Hampus Lindholm is hit by Matthew Tkachuk and loses puck.
5:50 of 1st period - Wrist shot by Roope Hintz.
5:50 of 1st period - Shot Blocked by Drew Doughty.
6:17 of 1st period - Slapshot by Jacob Peterson.
6:17 of 1st period - Shot Blocked by Vladislav Gavrikov.
6:31 of 1st period - Wrist shot by Sebastian Aho.
6:31 of 1st period - Shot Misses the Net.
6:58 of 1st period - Snap shot by Roope Hintz.
6:58 of 1st period - Stopped by Samuel Montembeault with a rebound.
7:02 of 1st period - Slapshot by Dylan Cozens.
7:02 of 1st period - Stopped by Samuel Montembeault with a rebound.
7:04 of 1st period - Snap shot by Michael Matheson.
7:04 of 1st period - Shot Misses the Net.
7:16 of 1st period - Snap shot by Rafael Harvey-Pinard.
7:16 of 1st period - Stopped by Filip Gustavsson without a rebound.
7:17 of 1st period - Logan Couture wins face-off versus Tomas Hertl in Tampa Bay Lightning zone.
7:26 of 1st period - Wrist shot by Timo Meier.
7:26 of 1st period - Stopped by Filip Gustavsson without a rebound.
7:27 of 1st period - Tyler Toffoli wins face-off versus Matthew Tkachuk in Tampa Bay Lightning zone.
8:25 of 1st period - Slapshot by Timo Meier.
8:25 of 1st period - Stopped by Filip Gustavsson without a rebound.
8:26 of 1st period - Anze Kopitar wins face-off versus Logan Couture in Tampa Bay Lightning zone.
8:33 of 1st period - Wrist shot by Johnny Gaudreau.
8:33 of 1st period - Shot Misses the Net.
8:41 of 1st period - Wrist shot by Johnny Gaudreau.
8:41 of 1st period - Goal by Johnny Gaudreau - Calgary Flames : 0 - Tampa Bay Lightning : 2.
8:42 of 1st period - Dylan Cozens wins face-off versus J.T. Miller in neutral zone.
9:25 of 1st period - Minor Penalty to Travis Konecny for Interference.
9:26 of 1st period - J.T. Miller wins face-off versus Anze Kopitar in Tampa Bay Lightning zone.
9:31 of 1st period - Snap shot by Matthew Tkachuk.
9:31 of 1st period - Stopped by Filip Gustavsson with a rebound.
9:33 of 1st period - Backhand shot by Valeri Nichushkin.
9:33 of 1st period - Stopped by Filip Gustavsson with a rebound.
11:25 of 1st period - Penalty to Travis Konecny is over, Travis Konecny is back on ice.
11:44 of 1st period - Nic Dowd is hit by Michael Matheson and loses puck.
11:59 of 1st period - Logan Couture is hit by Tomas Hertl.
12:19 of 1st period - Wrist shot by Tyler Toffoli.
12:19 of 1st period - Deflect By Jeff Petry.
12:19 of 1st period - Shot Misses the Net.
12:19 of 1st period - Puck is out of play.
12:20 of 1st period - Anze Kopitar wins face-off versus Logan Couture in Calgary Flames zone.
13:05 of 1st period - Snap shot by Matthew Tkachuk.
13:05 of 1st period - Shot Misses the Net.
13:07 of 1st period - Snap shot by Valeri Nichushkin.
13:07 of 1st period - Stopped by Filip Gustavsson without a rebound.
13:08 of 1st period - Tomas Hertl wins face-off versus Sebastian Aho in Tampa Bay Lightning zone.
13:08 of 1st period - Tomas Hertl is hit by Joel Eriksson Ek.
13:35 of 1st period - Vladislav Gavrikov is hit by J.T. Miller and loses puck.
14:02 of 1st period - Snap shot by Timo Meier.
14:02 of 1st period - Stopped by Filip Gustavsson without a rebound.
14:03 of 1st period - Roope Hintz wins face-off versus Zach Hyman in Tampa Bay Lightning zone.
14:03 of 1st period - Roope Hintz is hit by Joel Eriksson Ek.
14:09 of 1st period - Wrist shot by Zach Hyman.
14:09 of 1st period - Shot Misses the Net.
14:11 of 1st period - Slapshot by Ryan McDonagh.
14:11 of 1st period - Stopped by Filip Gustavsson with a rebound.
14:13 of 1st period - Slapshot by Ryan McDonagh.
14:13 of 1st period - Shot Blocked by Roope Hintz.
14:15 of 1st period - Snap shot by Zach Hyman.
14:15 of 1st period - Shot Misses the Net.
14:17 of 1st period - Slapshot by Ryan McDonagh.
14:17 of 1st period - Stopped by Filip Gustavsson with a rebound.
14:19 of 1st period - Wrist shot by Zach Hyman.
14:19 of 1st period - Stopped by Filip Gustavsson with a rebound.
14:38 of 1st period - Snap shot by Roope Hintz.
14:38 of 1st period - Stopped by Samuel Montembeault without a rebound.
14:39 of 1st period - Anze Kopitar wins face-off versus J.T. Miller in Calgary Flames zone.
14:44 of 1st period - Wrist shot by Tyler Toffoli.
14:44 of 1st period - Shot Blocked by Drew Doughty.
14:44 of 1st period - Drew Doughty from Calgary Flames is injured at 14:44 of 1st period (Left Hip).
14:45 of 1st period - Anze Kopitar wins face-off versus J.T. Miller in Calgary Flames zone.
15:02 of 1st period - Slapshot by Anze Kopitar.
15:02 of 1st period - Shot Misses the Net.
15:12 of 1st period - Matthew Tkachuk is hit by Ivan Barbashev and loses puck.
15:56 of 1st period - Slapshot by Gustav Nyquist.
15:56 of 1st period - Stopped by Samuel Montembeault with a rebound.
15:58 of 1st period - Wrist shot by Ryan Graves.
15:58 of 1st period - Stopped by Samuel Montembeault with a rebound.
16:00 of 1st period - Slapshot by Ryan Graves.
16:00 of 1st period - Stopped by Samuel Montembeault without a rebound.
16:01 of 1st period - Sebastian Aho wins face-off versus Johnny Gaudreau in Calgary Flames zone.
16:48 of 1st period - Roope Hintz is hit by J.T. Miller and loses puck.
17:48 of 1st period - Johnny Gaudreau is hit by Jeff Petry and loses puck.
17:59 of 1st period - Slapshot by Kirill Kaprizov.
17:59 of 1st period - Shot Misses the Net.
18:29 of 1st period - Snap shot by Matthew Tkachuk.
18:29 of 1st period - Shot Misses the Net.
18:31 of 1st period - Slapshot by J.T. Miller.
18:31 of 1st period - Stopped by Filip Gustavsson with a rebound.
18:33 of 1st period - Wrist shot by Valeri Nichushkin.
18:33 of 1st period - Stopped by Filip Gustavsson without a rebound.
18:34 of 1st period - Sebastian Aho wins face-off versus Anze Kopitar in Tampa Bay Lightning zone.
19:01 of 1st period - Michael Anderson is hit by Ivan Barbashev and loses puck.
19:44 of 1st period - Wrist shot by Johnny Gaudreau.
19:44 of 1st period - Stopped by Samuel Montembeault without a rebound.
19:45 of 1st period - Anze Kopitar wins face-off versus Sebastian Aho in Calgary Flames zone.
19:53 of 1st period - Off-side.
19:54 of 1st period - Sebastian Aho wins face-off versus Anze Kopitar in neutral zone.
Goals for this period are 0 for Calgary Flames vs 2 for Tampa Bay Lightning.
Shots for this period are 14 for Calgary Flames vs 14 for Tampa Bay Lightning.
2nd period
0:01 of 2nd period - Anze Kopitar wins face-off versus Rafael Harvey-Pinard in neutral zone.
0:26 of 2nd period - Wrist shot by Dylan Cozens.
0:26 of 2nd period - Stopped by Samuel Montembeault with a rebound.
1:37 of 2nd period - Snap shot by Jacob Peterson.
1:37 of 2nd period - Stopped by Filip Gustavsson without a rebound.
1:38 of 2nd period - Anze Kopitar wins face-off versus Sebastian Aho in Tampa Bay Lightning zone.
2:51 of 2nd period - Snap shot by Timo Meier.
2:51 of 2nd period - Shot Misses the Net.
3:30 of 2nd period - Logan Couture is hit by Kirill Kaprizov and loses puck.
3:40 of 2nd period - Off-side.
3:41 of 2nd period - Tyler Toffoli wins face-off versus Sebastian Aho in neutral zone.
3:44 of 2nd period - Wrist shot by Anze Kopitar.
3:44 of 2nd period - Stopped by Samuel Montembeault without a rebound.
3:45 of 2nd period - Anze Kopitar wins face-off versus Sebastian Aho in Calgary Flames zone.
3:48 of 2nd period - Wrist shot by Anze Kopitar.
3:48 of 2nd period - Deflect By Johnny Gaudreau.
3:48 of 2nd period - Shot Misses the Net.
3:48 of 2nd period - Puck is out of play.
3:49 of 2nd period - Anze Kopitar wins face-off versus Sebastian Aho in Calgary Flames zone.
4:06 of 2nd period - Ryan McDonagh is hit by Anze Kopitar and loses puck.
5:21 of 2nd period - Michael Anderson is hit by Dylan Cozens and loses puck.
5:42 of 2nd period - Icing by Michael Anderson.
5:43 of 2nd period - Anze Kopitar wins face-off versus Sebastian Aho in Calgary Flames zone.
6:08 of 2nd period - Joel Eriksson Ek is hit by Tyler Toffoli and loses puck.
6:22 of 2nd period - Off-side.
6:23 of 2nd period - Tomas Hertl wins face-off versus J.T. Miller in neutral zone.
6:26 of 2nd period - J.T. Miller is hit by Darnell Nurse and loses puck.
6:39 of 2nd period - Snap shot by Kirill Kaprizov.
6:39 of 2nd period - Stopped by Samuel Montembeault with a rebound.
7:59 of 2nd period - Dylan Cozens is hit by Kris Letang and loses puck.
8:20 of 2nd period - Wrist shot by Matthew Tkachuk.
8:20 of 2nd period - Stopped by Filip Gustavsson without a rebound.
8:21 of 2nd period - Tomas Hertl wins face-off versus J.T. Miller in Tampa Bay Lightning zone.
8:34 of 2nd period - Wrist shot by Travis Konecny.
8:34 of 2nd period - Deflect By Matthew Tkachuk.
8:34 of 2nd period - Shot Misses the Net.
8:34 of 2nd period - Puck is out of play.
8:35 of 2nd period - Dylan Cozens wins face-off versus J.T. Miller in Calgary Flames zone.
8:46 of 2nd period - Wrist shot by Dylan Cozens.
8:46 of 2nd period - Stopped by Samuel Montembeault with a rebound.
8:48 of 2nd period - Slapshot by Hampus Lindholm.
8:48 of 2nd period - Goal by Hampus Lindholm - Calgary Flames : 0 - Tampa Bay Lightning : 3.
8:49 of 2nd period - Logan Couture wins face-off versus Tomas Hertl in neutral zone.
9:03 of 2nd period - Off-side.
9:04 of 2nd period - Anze Kopitar wins face-off versus J.T. Miller in neutral zone.
10:38 of 2nd period - Ryan Graves is hit by J.T. Miller and loses puck.
10:47 of 2nd period - Valeri Nichushkin is hit by Tyler Toffoli and loses puck.
12:12 of 2nd period - Minor Penalty to Rafael Harvey-Pinard for Interference.
12:13 of 2nd period - Dylan Cozens wins face-off versus Joel Eriksson Ek in Calgary Flames zone.
12:42 of 2nd period - Off-side.
12:43 of 2nd period - Joel Eriksson Ek wins face-off versus Roope Hintz in neutral zone.
12:49 of 2nd period - Joel Eriksson Ek is hit by Kirill Kaprizov and loses puck.
12:56 of 2nd period - Slapshot by Roope Hintz.
12:56 of 2nd period - Shot Blocked by Joel Eriksson Ek.
13:04 of 2nd period - Slapshot by Kirill Kaprizov.
13:04 of 2nd period - Stopped by Samuel Montembeault without a rebound.
13:05 of 2nd period - Nic Dowd wins face-off versus Dylan Cozens in Calgary Flames zone.
13:14 of 2nd period - Hampus Lindholm is hit by Kris Letang and loses puck.
13:23 of 2nd period - Michael Matheson is hit by Mathieu Joseph and loses puck.
13:36 of 2nd period - Wrist shot by Kirill Kaprizov.
13:36 of 2nd period - Shot Blocked by Jeff Petry.
14:12 of 2nd period - Penalty to Rafael Harvey-Pinard is over, Rafael Harvey-Pinard is back on ice.
14:18 of 2nd period - Travis Konecny is hit by Michael Anderson.
14:34 of 2nd period - Wrist shot by Alexander Kerfoot.
14:34 of 2nd period - Shot Blocked by Kris Letang.
14:38 of 2nd period - Wrist shot by Gustav Nyquist.
14:38 of 2nd period - Stopped by Samuel Montembeault with a rebound.
15:13 of 2nd period - Vladislav Gavrikov is hit by Jeff Petry and loses puck.
15:18 of 2nd period - Snap shot by Timo Meier.
15:18 of 2nd period - Stopped by Filip Gustavsson without a rebound.
15:19 of 2nd period - Tomas Hertl wins face-off versus Timo Meier in Tampa Bay Lightning zone.
15:26 of 2nd period - Logan Couture is hit by Hampus Lindholm and loses puck.
17:00 of 2nd period - Wrist shot by Kirill Kaprizov.
17:00 of 2nd period - Shot Blocked by Michael Anderson.
17:02 of 2nd period - Snap shot by Kirill Kaprizov.
17:02 of 2nd period - Stopped by Samuel Montembeault with a rebound.
17:04 of 2nd period - Snap shot by Travis Konecny.
17:04 of 2nd period - Shot Blocked by Zach Hyman.
17:06 of 2nd period - Snap shot by Darnell Nurse.
17:06 of 2nd period - Deflect By Tomas Hertl.
17:06 of 2nd period - Shot Misses the Net.
17:06 of 2nd period - Puck is out of play.
17:07 of 2nd period - Sebastian Aho wins face-off versus Dylan Cozens in Calgary Flames zone.
17:41 of 2nd period - Snap shot by Tomas Hertl.
17:41 of 2nd period - Shot Misses the Net.
17:59 of 2nd period - Snap shot by Nic Dowd.
17:59 of 2nd period - Shot Misses the Net.
18:01 of 2nd period - Wrist shot by Nic Dowd.
18:01 of 2nd period - Goal by Nic Dowd - Calgary Flames : 1 - Tampa Bay Lightning : 3.
18:02 of 2nd period - Dylan Cozens wins face-off versus J.T. Miller in neutral zone.
18:27 of 2nd period - Kirill Kaprizov is hit by Jeff Petry and loses puck.
18:40 of 2nd period - Slapshot by Sebastian Aho.
18:40 of 2nd period - Stopped by Filip Gustavsson with a rebound.
18:50 of 2nd period - Darnell Nurse is hit by Rafael Harvey-Pinard and loses puck.
19:13 of 2nd period - Icing by Timo Meier.
19:14 of 2nd period - Roope Hintz wins face-off versus Nic Dowd in Calgary Flames zone.
19:27 of 2nd period - Wrist shot by Mathieu Joseph.
19:27 of 2nd period - Shot Misses the Net.
19:35 of 2nd period - Minor Penalty to Ryan Graves for Tripping.
19:36 of 2nd period - Christian Dvorak wins face-off versus Sebastian Aho in Tampa Bay Lightning zone.
19:43 of 2nd period - Wrist shot by Gustav Nyquist.
19:43 of 2nd period - Shot Misses the Net.
19:45 of 2nd period - Slapshot by Moritz Seider.
19:45 of 2nd period - Deflect By Christian Dvorak.
19:45 of 2nd period - Shot Blocked by Zach Hyman.
19:45 of 2nd period - Puck is out of play.
19:46 of 2nd period - Sebastian Aho wins face-off versus Christian Dvorak in Calgary Flames zone.
19:53 of 2nd period - Moritz Seider is hit by Jeff Petry and loses puck.
Goals for this period are 1 for Calgary Flames vs 1 for Tampa Bay Lightning.
Shots for this period are 5 for Calgary Flames vs 8 for Tampa Bay Lightning.
3rd period
0:01 of 3rd period - J.T. Miller wins face-off versus Anze Kopitar in neutral zone.
0:03 of 3rd period - Off-side.
0:04 of 3rd period - J.T. Miller wins face-off versus Anze Kopitar in neutral zone.
0:07 of 3rd period - Darnell Nurse is hit by J.T. Miller and loses puck.
0:55 of 3rd period - Christian Dvorak is hit by Valeri Nichushkin and loses puck.
1:35 of 3rd period - Penalty to Ryan Graves is over, Ryan Graves is back on ice.
2:03 of 3rd period - Rasmus Andersson is hit by Dylan Cozens.
2:45 of 3rd period - Jacob Peterson is hit by Hampus Lindholm.
3:21 of 3rd period - Sebastian Aho is hit by Gustav Nyquist and loses puck.
3:38 of 3rd period - Backhand shot by Ivan Barbashev.
3:38 of 3rd period - Shot Misses the Net.
3:44 of 3rd period - Wrist shot by Sebastian Aho.
3:44 of 3rd period - Stopped by Filip Gustavsson without a rebound.
3:45 of 3rd period - Dylan Cozens wins face-off versus J.T. Miller in Tampa Bay Lightning zone.
3:47 of 3rd period - Minor Penalty to Darnell Nurse for Hooking.
3:48 of 3rd period - Anze Kopitar wins face-off versus J.T. Miller in Tampa Bay Lightning zone.
5:47 of 3rd period - Penalty to Darnell Nurse is over, Darnell Nurse is back on ice.
5:54 of 3rd period - Snap shot by Jacob Peterson.
5:54 of 3rd period - Stopped by Filip Gustavsson without a rebound.
5:55 of 3rd period - Nic Dowd wins face-off versus Dylan Cozens in Tampa Bay Lightning zone.
6:20 of 3rd period - Rasmus Andersson is hit by Kirill Kaprizov and loses puck.
7:06 of 3rd period - Snap shot by Jacob Peterson.
7:06 of 3rd period - Stopped by Filip Gustavsson with a rebound.
7:08 of 3rd period - Wrist shot by Mathieu Joseph.
7:08 of 3rd period - Stopped by Filip Gustavsson without a rebound.
7:09 of 3rd period - Tomas Hertl wins face-off versus J.T. Miller in Tampa Bay Lightning zone.
7:13 of 3rd period - Off-side.
7:14 of 3rd period - Tomas Hertl wins face-off versus J.T. Miller in neutral zone.
7:19 of 3rd period - Slapshot by Hampus Lindholm.
7:19 of 3rd period - Stopped by Samuel Montembeault with a rebound.
7:47 of 3rd period - Slapshot by Ivan Barbashev.
7:47 of 3rd period - Stopped by Samuel Montembeault without a rebound.
7:48 of 3rd period - Dylan Cozens wins face-off versus Sebastian Aho in Calgary Flames zone.
8:15 of 3rd period - Minor Penalty to Ryan McDonagh for High sticking.
8:16 of 3rd period - Dylan Cozens wins face-off versus Nic Dowd in Calgary Flames zone.
8:47 of 3rd period - Snap shot by Johnny Gaudreau.
8:47 of 3rd period - Stopped by Samuel Montembeault with a rebound.
8:49 of 3rd period - Slapshot by Dylan Cozens.
8:49 of 3rd period - Tampa Bay Lightning goal is going for a video replay.
8:49 of 3rd period - The goal is refused. The puck has entered the net after making contact with an attacking player’s stick that is above the height of the crossbar..
8:50 of 3rd period - Roope Hintz wins face-off versus Joel Eriksson Ek in Calgary Flames zone.
8:51 of 3rd period - Snap shot by Kirill Kaprizov.
8:51 of 3rd period - Shot Misses the Net.
9:07 of 3rd period - Kirill Kaprizov is hit by Nic Dowd and loses puck.
9:38 of 3rd period - Michael Anderson is hit by Moritz Seider and loses puck.
10:15 of 3rd period - Penalty to Ryan McDonagh is over, Ryan McDonagh is back on ice.
10:53 of 3rd period - J.T. Miller is hit by Ivan Barbashev and loses puck.
11:13 of 3rd period - Matthew Tkachuk is hit by Alexander Kerfoot.
11:17 of 3rd period - Gustav Nyquist is hit by Matthew Tkachuk and loses puck.
11:30 of 3rd period - Slapshot by Valeri Nichushkin.
11:30 of 3rd period - Shot Misses the Net.
12:29 of 3rd period - Tomas Hertl is hit by Joel Eriksson Ek and loses puck.
12:48 of 3rd period - Mathieu Joseph is hit by Ivan Barbashev and loses puck.
13:30 of 3rd period - Slapshot by Johnny Gaudreau.
13:30 of 3rd period - Shot Misses the Net.
13:38 of 3rd period - Wrist shot by Tyler Toffoli.
13:38 of 3rd period - Stopped by Samuel Montembeault without a rebound.
13:39 of 3rd period - Tomas Hertl wins face-off versus Nic Dowd in Calgary Flames zone.
14:02 of 3rd period - Zach Hyman is hit by Ryan Graves and loses puck.
14:15 of 3rd period - Slapshot by Michael Matheson.
14:15 of 3rd period - Stopped by Samuel Montembeault with a rebound.
14:17 of 3rd period - Slapshot by Michael Matheson.
14:17 of 3rd period - Deflect By Kris Letang.
14:17 of 3rd period - Stopped by Samuel Montembeault without a rebound.
14:18 of 3rd period - Dylan Cozens wins face-off versus Rafael Harvey-Pinard in Calgary Flames zone.
14:19 of 3rd period - Snap shot by Roope Hintz.
14:19 of 3rd period - Shot Misses the Net.
14:25 of 3rd period - Snap shot by Timo Meier.
14:25 of 3rd period - Shot Misses the Net.
14:27 of 3rd period - Slapshot by Rafael Harvey-Pinard.
14:27 of 3rd period - Stopped by Filip Gustavsson without a rebound.
14:28 of 3rd period - Anze Kopitar wins face-off versus Valeri Nichushkin in Tampa Bay Lightning zone.
14:43 of 3rd period - Snap shot by Matthew Tkachuk.
14:43 of 3rd period - Deflect By J.T. Miller.
14:43 of 3rd period - Stopped by Filip Gustavsson with a rebound.
14:45 of 3rd period - Wrist shot by Valeri Nichushkin.
14:45 of 3rd period - Stopped by Filip Gustavsson without a rebound.
14:46 of 3rd period - Tomas Hertl wins face-off versus Sebastian Aho in Tampa Bay Lightning zone.
15:18 of 3rd period - Snap shot by Roope Hintz.
15:18 of 3rd period - Stopped by Samuel Montembeault without a rebound.
15:19 of 3rd period - Logan Couture wins face-off versus Dylan Cozens in Calgary Flames zone.
15:45 of 3rd period - Snap shot by Roope Hintz.
15:45 of 3rd period - Shot Misses the Net.
15:55 of 3rd period - Slapshot by Rasmus Andersson.
15:55 of 3rd period - Deflect By Rafael Harvey-Pinard.
15:55 of 3rd period - Stopped by Filip Gustavsson with a rebound.
15:57 of 3rd period - Wrist shot by Rafael Harvey-Pinard.
15:57 of 3rd period - Stopped by Filip Gustavsson without a rebound.
15:58 of 3rd period - J.T. Miller wins face-off versus Anze Kopitar in Tampa Bay Lightning zone.
16:09 of 3rd period - Slapshot by Matthew Tkachuk.
16:09 of 3rd period - Stopped by Filip Gustavsson without a rebound.
16:10 of 3rd period - Anze Kopitar wins face-off versus J.T. Miller in Tampa Bay Lightning zone.
16:15 of 3rd period - Ryan McDonagh is hit by Darnell Nurse and loses puck.
16:24 of 3rd period - Wrist shot by Johnny Gaudreau.
16:24 of 3rd period - Stopped by Samuel Montembeault with a rebound.
17:07 of 3rd period - Snap shot by Roope Hintz.
17:07 of 3rd period - Shot Misses the Net.
17:29 of 3rd period - Snap shot by Zach Hyman.
17:29 of 3rd period - Stopped by Filip Gustavsson without a rebound.
17:30 of 3rd period - Logan Couture wins face-off versus Johnny Gaudreau in Tampa Bay Lightning zone.
17:33 of 3rd period - Slapshot by Timo Meier.
17:33 of 3rd period - Stopped by Filip Gustavsson with a rebound.
18:26 of 3rd period - Wrist shot by Ivan Barbashev.
18:26 of 3rd period - Deflect By Dylan Cozens.
18:26 of 3rd period - Stopped by Samuel Montembeault with a rebound.
18:28 of 3rd period - Slapshot by Ryan Graves.
18:28 of 3rd period - Stopped by Samuel Montembeault with a rebound.
19:47 of 3rd period - Ivan Barbashev is hit by Joel Eriksson Ek.
19:48 of 3rd period - Icing by Ivan Barbashev.
19:49 of 3rd period - Dylan Cozens wins face-off versus Nic Dowd in Tampa Bay Lightning zone.
Goals for this period are 0 for Calgary Flames vs 0 for Tampa Bay Lightning.
Shots for this period are 12 for Calgary Flames vs 11 for Tampa Bay Lightning.
Back to the Top